 Dungeon Crawl Stone Soup version 0.25-a0-346-g140ab784a8 (webtiles) character file.

Game seed: 3921249919731086928, levelgen mode: deterministic

72 BritishOli the Ducker (level 4, -6/34 HPs)
             Began as a Demonspawn Gladiator on Jan 1, 2020.
             Killed from afar by an orc wizard (9 damage)
             ... with a puff of frost
             ... on level 2 of the Dungeon.
             The game lasted 00:03:13 (1392 turns).

BritishOli the Ducker (Demonspawn Gladiator)        Turns: 1392, Time: 00:03:13

Health: -6/34      AC:  8    Str: 15    XL:     4   Next: 7%
Magic:  4/4        EV: 13    Int:  9    God:
Gold:   88         SH:  0    Dex: 15    Spells: 3/3 levels left

rFire    . . .     SeeInvis .   a - +0 long sword
rCold    . . .     Gourm    .   (no shield)
rNeg     . . .     Faith    +   b - +0 leather armour
rPois    +         Spirit   .   c - +0 helmet
rElec    .         Reflect  .   (no cloak)
rCorr    .         Harm     .   (no gloves)
MR       .....                  (no boots)
Stlth    +.........             j - amulet of faith
HPRegen  0.11/turn              h - ring of poison resistance
MPRegen  0.09/turn              (no ring)

@: no status effects
A: iridescent scales 2
a: no special abilities


You were on level 2 of the Dungeon.
You were not hungry.

You visited 1 branch of the dungeon, and saw 2 of its levels.

You collected 88 gold pieces.

Inventory:

Hand Weapons
 a - a +0 long sword (weapon)
Missiles
 d - a throwing net (quivered)
Armour
 b - a +0 leather armour (worn)
 c - a +0 helmet (worn)
Jewellery
 h - a ring of poison resistance (left hand)
 j - an amulet of faith (around neck)
Wands
 p - a wand of flame (18)
Scrolls
 e - 2 scrolls of fog {unknown}
 g - a scroll of immolation {unknown}
 i - a scroll of remove curse {unknown}
 k - 2 scrolls of amnesia {unknown}
 r - a scroll of teleportation {unknown}
Potions
 l - a potion of heal wounds {unknown}
 m - a potion of lignification {unknown}
 n - a potion of cancellation {unknown}
 o - a potion of berserk rage {unknown}
 q - a potion of mutation {unknown}
 t - 2 potions of brilliance {unknown}
Comestibles
 f - 3 rations


   Skills:
 + Level 2.7 Fighting
 + Level 3.2 Long Blades
 + Level 2.4 Throwing
 + Level 3.2 Dodging


You had 3 spell levels left.
You didn't know any spells.
Your spell library was empty.

Dungeon Overview and Level Annotations

Branches:
Dungeon (2/15)

Altars:
Nemelex Xobeh


Innate Abilities, Weirdness & Mutations

You are mostly covered in iridescent scales. (AC +4)


Message History

You throw a throwing net.
The throwing net closely misses the orc wizard.
The throwing net hits the rat.
The orc wizard barely misses you.
The rat struggles against the net.
The orc wizard casts a cantrip, but nothing happens.
You hit the orc wizard.
The orc wizard is almost dead.
The orc wizard hits you but does no damage.
The rat struggles against the net.
You closely miss the orc wizard.
The orc wizard is almost dead.
The orc wizard points at you and mumbles some strange words.
The puff of flame misses you.
The rat struggles against the net.
The orc wizard misses you. Something hits you but does no damage.
The rat struggles against the net.
You hit the orc wizard but do no damage.
The orc wizard is almost dead.
The orc wizard gestures at you while chanting.
The puff of frost hits you!
You die...

...o###..............## .>..
##o.#.##......... ....
#.o#s###........ ...#
##...o.†.##.##.. ### #.##r.### ..
#8# #....)l.# .# ...8###.......##
##. ....##.......o{##.....
...._#........@...# #
....##.#.#.##....[.......# .#.#
...8##.#.#..###..........##.#..
#8# ###..................#.... #
#.###.##...........#.#....
##.##......................
######.÷......#..........##.##..
##......##.....#..............$.#
.....#####......................#


You could see an orc wizard, 2 orcs, a giant cockroach, a frilled lizard and a
rat (caught).

Vanquished Creatures
  Robin (D:2)
  An ooze (D:1)
  A dart slug (D:1)
  A worm (D:2)
  2 leopard geckos (D:1)
  An orc (D:2)
  4 giant cockroaches
  12 goblins
  6 hobgoblins
  4 jackals
  5 bats
  A kobold (D:1)
  4 rats (D:1)
43 creatures vanquished.

Notes
Turn   | Place    | Note
-------+----------+-------------------------------------------
     0 | D:1      | BritishOli the Demonspawn Gladiator began the quest for the
                  | Orb.
     0 | D:1      | Reached XP level 1. HP: 16/16 MP: 1/1
   449 | D:1      | Gained mutation: You are partially covered in iridescent
                  | scales. (AC +2) [demonic ancestry]
   449 | D:1      | Reached XP level 2. HP: 18/22 MP: 2/2
   571 | D:1      | Reached XP level 3. HP: 21/28 MP: 3/3
   792 | D:2      | Noticed Robin
  1098 | D:2      | Killed Robin
  1117 | D:2      | Gained mutation: You are mostly covered in iridescent
                  | scales. (AC +4) [demonic ancestry]
  1117 | D:2      | Reached XP level 4. HP: 28/34 MP: 4/4
  1166 | D:2      | Found a sparkling altar of Nemelex Xobeh.
  1392 | D:2      | Killed from afar by an orc wizard

Levels and vault maps discovered:
D:1:      dpeg_arrival_leaves_temple_mockup, layout_basic
D:2:      layout_rooms, nicolae_overflow_hidden_temple, uniq_terence, uniq_robin

Skill      XL: |  1  2 |
---------------+-------+-----
Throwing       | 2 |  2.4
Long Blades    | 3 |  3.2
Dodging        | 3 |  3.2
Fighting       | |  2.7

Action                   |  1- 3 |  4- 6 || total
-------------------------+-------+-------++-------
Melee: Long sword        |   111 |    22 ||   133
Throw: Throwing net      |       |     2 ||     2
  Eat: Chunk             |       |     2 ||     2
Armor: Leather armour    |    58 |     9 ||    67
Dodge: Dodged            |   129 |    17 ||   146
       Rpst.: Long sword |    46 |     5 ||    51

Table legend:
 A = Non-vault XP
 B = Vault XP
 C = Vault XP percentage of total XP
 D = Non-vault monster count
 E = Vault monster count
 F = Vault count percentage of total count
                 A         B        C        D         E       F
            +---------+---------+-------+---------+---------+-------
      Total |      66 |      38 |  36.5 |      31 |      12 |  27.9
            +---------+---------+-------+---------+---------+-------
        D:1 |      54 |      18 |  25.0 |      26 |       9 |  25.7
        D:2 |      12 |      20 |  62.5 |       5 |       3 |  37.5
            +---------+---------+-------+---------+---------+-------
